Map: Incorporeal LE

Players

RAFFENG

  • Race: Zerg Zerg
  • League: Master
  • Spawn Location: 11:00

Sindyr - Winner!

  • Race: Terran Terran
  • League: Master
  • Spawn Location: 5:00

VOD

Have the link to the VOD?

Description

Time

  • Played on: Oct. 8, 2025, 6:59 p.m.
  • Length: 15:04
Show
View Real Time Build Order
Export as new Build Order

RAFFENG Zerg 

Build Orders: Pool First 

Get SALT Encoding   

  12  0:02  Drone  
  13  0:13  Drone  
  14  0:18  Overlord  
  14  0:35  Spawning Pool  
  13  0:39  Drone  
  13  0:40  Drone  
  15  0:45  Drone  
  16  1:11  Overlord  
  16  1:22  Hatchery  
  16  1:24  Drone  
  16  1:25  Zergling x2  
  16  1:26  Zergling x2  
  18  1:35  Extractor  
  18  1:36  Queen  
  18  1:39  Drone  
  20  2:00  Zergling x4  
  22  2:36  Queen  
  25  2:37  Drone  
  25  2:41  Overlord x3  
  25  2:50  Drone  
  26  2:53  Drone  
  26  2:57  Queen  
  29  3:06  Drone  
  30  3:19  Metabolic Boost  
  30  3:26  Drone x2  
  32  3:27  Evolution Chamber  
  31  3:37  Zergling x2  
  31  3:40  Zergling x4  
  31  3:41  Zergling x2  
  35  3:56  Zerg Melee Weapons Level 1  
  35  3:59  Lair  
  35  4:03  Hatchery  
  34  4:11  Overlord  
  34  4:29  Drone  
  34  4:30  Drone x6  
  34  4:31  Drone  
  42  4:37  Zergling x6  
  45  4:54  Zergling x4  
  45  5:43  Queen  
  45  5:45  Zergling x6  
  48  6:05  Drone  
  48  6:08  Drone  
  48  6:09  Drone x2  
  52  6:17  Extractor  
  52  6:18  Extractor  
  50  6:19  Drone x4  
  50  6:20  Extractor  
  53  6:29  Zerg Melee Weapons Level 2  
  53  6:41  Spire  
  53  6:45  Drone x3  
  55  6:50  Spore Crawler  
  54  6:56  Infestation Pit  
  54  6:59  Drone x3  
  56  7:01  Drone  
  56  7:02  Drone x3  
  60  7:10  Zergling x4  
  60  7:11  Zergling x8  
  66  7:19  Evolution Chamber  
  66  7:21  Zergling x4  
  66  7:22  Zergling x2  
  68  7:35  Spine Crawler  
  68  7:36  Queen, Spine Crawler  
  68  7:37  Zergling x2  
  68  7:39  Spine Crawler  
  68  7:54  Zerg Ground Armor Level 1  
  68  7:56  Hive  
  68  8:01  Drone x5  
  73  8:26  Hatchery  
  72  8:30  Overlord x6  
  72  8:33  Hatchery  
  71  8:39  Overlord  
  71  8:40  Overlord x5  
  71  8:41  Overlord  
  71  8:50  Zerg Flyer Weapons Level 1  
  71  8:53  Corruptor x4  
  79  9:13  Zergling x6  
  58  9:57  Zergling x10  
  58  9:58  Zergling x8  
  65  10:06  Mutalisk x2  
  65  10:07  Mutalisk x6  
  67  10:14  Mutalisk x3  
  87  10:45  Zerg Flyer Armor Level 1  
  87  10:47  Drone  
  87  10:48  Drone x2  
  90  10:51  Drone x3  
  93  11:00  Corruptor x4  
  93  11:01  Corruptor  
  103  11:26  Drone x3  
  103  11:29  Drone x3  
  109  11:41  Queen  
  109  11:42  Corruptor  
  113  11:51  Mutalisk x2  
  117  12:07  Drone x2  
  119  12:15  Extractor x2  
  119  12:16  Queen  
  119  12:21  Extractor  
  119  12:22  Drone x6  
  124  12:23  Extractor  
  123  12:44  Hatchery  
  90  12:53  Hatchery  
  67  13:18  Ultralisk Cavern  
  66  13:32  Zergling x10  
  66  13:33  Zergling x2  
  72  13:34  Zergling x4  
  72  13:35  Zergling x10  
  72  13:36  Zergling x12  
  72  13:40  Zergling x8  
  72  13:41  Zergling x14  
  93  13:42  Zergling x12  
  93  13:43  Zergling x2  
  53  14:13  Ultralisk x5  
Show
View Real Time Build Order
Export as new Build Order

Sindyr Terran - Winner!

Build Orders:  

Get SALT Encoding   

  12  0:01  SCV  
  13  0:13  SCV  
  14  0:21  Supply Depot  
  14  0:25  SCV  
  15  0:43  SCV  
  15  0:44  Barracks  
  16  0:50  Refinery  
  16  0:55  SCV  
  17  1:07  SCV  
  18  1:19  SCV  
  19  1:35  Orbital Command  
  19  1:42  Command Center  
  19  1:46  Barracks Tech Lab  
  19  1:56  Supply Depot  
  19  2:06  Marine  
  20  2:14  Command Center  
  19  2:24  Marine  
  20  2:32  Factory  
  20  2:37  Refinery, SCV  
  20  2:42  Marine  
  22  2:47  Stimpack  
  22  2:49  SCV  
  23  3:00  Marine  
  23  3:02  SCV  
  25  3:14  SCV  
  25  3:18  Marine  
  27  3:20  Starport  
  27  3:26  SCV  
  28  3:28  Factory Reactor  
  28  3:35  Marine  
  28  3:38  SCV, Barracks  
  30  3:44  Barracks  
  30  3:50  SCV  
  31  4:00  Orbital Command  
  31  4:02  SCV  
  32  4:14  SCV  
  33  4:20  Factory Reactor  
  33  4:23  Barracks  
  33  4:26  SCV, Combat Shield  
  33  4:30  SCV  
  35  4:32  Barracks  
  35  4:38  SCV  
  35  4:42  SCV, Bunker  
  35  4:45  Barracks Tech Lab, Barracks Reactor  
  37  4:50  SCV  
  38  4:53  Engineering Bay  
  38  5:01  Medivac x2  
  36  5:30  Marine x7  
  36  5:31  Medivac  
  45  5:38  Orbital Command  
  45  5:47  Marine  
  46  5:55  Terran Infantry Weapons Level 1  
  46  6:30  Supply Depot  
  46  6:31  Supply Depot  
  46  6:33  Supply Depot  
  46  6:37  Engineering Bay  
  46  6:38  Barracks  
  46  6:49  Supply Depot  
  46  6:51  Supply Depot, Marine  
  46  6:52  SCV x2, Siege Tank, Marine x3  
  57  6:54  Concussive Shells  
  57  6:58  Barracks Tech Lab  
  57  7:00  Barracks Reactor  
  55  7:04  SCV x2  
  55  7:07  Starport  
  57  7:09  Marine x2  
  57  7:10  Marine x3, Factory  
  57  7:11  Medivac  
  57  7:13  Medivac  
  66  7:16  SCV x2  
  68  7:28  SCV x2  
  70  7:40  SCV x2  
  70  7:41  Terran Infantry Armor Level 1  
  70  7:43  Refinery  
  72  7:44  Refinery  
  72  7:50  Marine  
  72  7:51  Marine x5, Marauder x2  
  79  7:52  SCV  
  79  7:53  Command Center  
  79  7:56  Barracks Reactor  
  83  8:07  Factory Tech Lab  
  83  8:08  Marine x3  
  86  8:15  Armory  
  86  8:21  Starport Tech Lab  
  86  8:48  Supply Depot  
  86  8:49  Supply Depot  
  86  8:50  Supply Depot  
  86  9:02  Terran Infantry Weapons Level 2  
  86  9:04  Marine  
  86  9:05  Siege Tank x2, Marauder x2  
  97  9:24  Marine x4  
  97  9:25  Marine x4  
  97  9:26  Marauder x2  
  107  9:36  Terran Vehicle Weapons Level 1  
  107  9:37  Terran Infantry Armor Level 2  
  107  9:42  Marine x5  
  107  9:43  Marine x3  
  111  9:48  Marauder x2  
  115  9:59  Marine  
  115  10:00  Marine x2  
  118  10:08  Viking x3  
  118  10:10  Marine  
  125  10:25  Supply Depot  
  125  10:26  Supply Depot  
  125  10:31  Orbital Command  
  125  10:46  Marine x6, SCV x2  
  125  10:48  Marauder x2  
  137  10:58  SCV x2  
  137  11:01  SCV  
  140  11:09  Supply Depot  
  140  11:10  SCV  
  141  11:12  Supply Depot x2  
  141  11:30  Terran Vehicle And Ship Armor Level 1, SCV x3, Marauder x2  
  148  11:38  Terran Infantry Weapons Level 3  
  148  11:42  SCV  
  149  11:48  Command Center  
  149  12:04  Refinery  
  149  12:08  Barracks, Refinery  
  149  12:12  Barracks  
  149  12:17  SCV x3  
  149  12:20  Terran Infantry Armor Level 3  
  152  12:29  SCV x3  
  155  12:41  SCV x2  
  157  12:50  Marine x2  
  157  12:51  Marine x6, Marauder x2  
  153  13:08  Marine x3  
  153  13:09  Marine x5  
  153  13:12  Orbital Command, Marauder  
  165  13:13  Marauder  
  165  13:14  Refinery  
  165  13:25  Medivac x3  
  171  13:34  Marauder x2  
  175  13:41  Barracks Tech Lab  
  175  13:42  Barracks Tech Lab  
  175  13:55  Medivac, Marauder  
  179  14:00  Medivac  
  179  14:03  Marauder  
  179  14:04  Medivac  
  176  14:10  Marine x4  
  176  14:16  Marine x6  
  176  14:17  Marauder  
  188  14:24  Marauder  
  188  14:25  Medivac  
  188  14:28  Marine x4  
  192  14:34  Marine x5  
  192  14:38  Marauder  
  197  14:53  Starport  
  197  14:54  Starport  
  197  14:56  Fusion Core, Starport, Refinery  
Tags
 
Matchup
TvZ
Opening
Pool First
Replay Pack
Multiplayer
Spawn Locations
Cross Positions
Add a new tag
Caveats
  • Supply blocks, unpowered buildings, or Contaminate may cause inaccurate times.
  • Supply counts are checked every 10 seconds.